 Dungeon Crawl Stone Soup version 0.29-a0-221-gceb61267dd (webtiles) character file.

Game seed: 16375285791406231904

52449 dolemite99 the Cleaver (level 14, -1/113 HPs)
             Began as a Gnoll Cinder Acolyte on Feb 27, 2022.
             Was an Initiate of Ignis.
             Slain by a wraith (3 damage)
             ... led by Josephine
             ... on level 2 of the Orcish Mines.
             The game lasted 00:59:25 (40351 turns).

dolemite99 the Cleaver (Gnoll Cinder Acolyte)      Turns: 40351, Time: 00:59:26

Health: -1/113     AC: 15    Str: 21    XL:     14   Next: 64%
Magic:  27/27      EV: 15    Int: 17    God:    Ignis [......]
Gold:   1547       SH: 13    Dex: 12    Spells: 6/32 levels left

rFire   + . .      SeeInvis .   b - +2 hand crossbow (venom)
rCold   . . .      Faith    .   y - +2 buckler
rNeg    . . .      Spirit   .   J - +1 leather armour {Will+}
rPois   .          Reflect  +   D - +1 helmet
rElec   .          Harm     .   i - +1 cloak
rCorr   .          Rampage  .   g - +0 pair of gloves of Rationality {Dex+4}
Will    ++...                   (no boots)
Stlth   ++++......              j - amulet of reflection
HPRegen 0.28/turn               n - +6 ring of strength
MPRegen 0.20/turn               r - +4 ring of protection

@: about to teleport, slowed, very slow
A: fangs 1, strong nose, distributed training
a: Renounce Religion


You were on level 2 of the Orcish Mines.
You worshipped Ignis.
Ignis was noncommittal.
You visited 3 branches of the dungeon, and saw 19 of its levels.

You collected 1830 gold pieces.
You spent 283 gold pieces at shops.

Inventory:

Hand Weapons
 b - a +2 hand crossbow of venom (weapon)
 c - a +1 vorpal flail
 t - a +2 trident of flaming
 u - a +3 scimitar
 w - a +1 war axe of flaming
 x - a +1 dagger of draining
 I - a +1 scimitar of flaming
 M - a +1 dagger of venom
 X - a +0 broad axe
Missiles
 d - 5 silver boomerangs
 f - 26 poisoned darts
 h - 416 stones
 P - 5 silver javelins
 V - 11 boomerangs
Armour
 g - the +0 pair of gloves of Rationality (worn) {Dex+4}
   (You found it on level 6 of the Lair of Beasts)

   Dex:       It affects your dexterity (+4).
 i - a +1 cloak (worn)
 q - a +2 pair of gloves
 y - a +2 buckler (worn)
 D - a +1 helmet (worn)
 J - a +1 leather armour of willpower (worn)
 L - a +0 kite shield
 N - +0 swamp dragon scales
Magical Staves
 a - a staff of conjuration
Jewellery
 j - an amulet of reflection (around neck)
 n - a +6 ring of strength (left hand)
 r - a +4 ring of protection (right hand)
 v - an amulet of magic regeneration
 C - a ring of protection from cold
 S - an amulet of the acrobat
 W - a ring of flight
 Z - a ring of see invisible
Wands
 k - a wand of paralysis (2)
 p - a wand of polymorph (14)
 A - a wand of digging (9)
 F - a wand of flame (3)
Scrolls
 e - 3 scrolls of noise
 s - 4 scrolls of teleportation
 O - 2 scrolls of magic mapping
 Q - a scroll of vulnerability
 U - 4 scrolls of identify {@r1}
 Y - 2 scrolls of amnesia
Potions
 l - a potion of brilliance
 m - 2 potions of attraction
 o - 3 potions of lignification
 z - 3 potions of flight
 E - 5 potions of curing
 G - a potion of magic
 K - a potion of ambrosia


   Skills:
 + Level 11.4 Fighting
 + Level 9.4 Short Blades
 + Level 9.4 Long Blades
 + Level 11.4 Axes
 + Level 9.4 Maces & Flails
 + Level 9.4 Polearms
 + Level 9.4 Staves
 + Level 9.4 Slings
 + Level 9.4 Bows
 + Level 9.4 Crossbows
 + Level 9.4 Throwing
 + Level 9.4 Armour
 + Level 9.4 Dodging
 + Level 9.4 Stealth
 + Level 9.4 Shields
 + Level 9.4 Unarmed Combat
 + Level 9.8 Spellcasting
 + Level 7.8 Conjurations
 + Level 7.8 Hexes
 + Level 7.8 Summonings
 + Level 7.8 Necromancy
 + Level 7.8 Translocations
 + Level 7.8 Transmutations
 + Level 9.6 Fire Magic
 + Level 7.8 Ice Magic
 + Level 7.8 Air Magic
 + Level 7.8 Earth Magic
 + Level 7.8 Poison Magic
 + Level 10.2 Invocations
 + Level 9.4 Evocations


You had 6 spell levels left.
You knew the following spells:

 Your Spells              Type           Power      Damage    Failure   Level
a - Flame Wave            Conj/Fire      38%        2d9       3%          4
b - Scorch                Fire           82%        2d9       1%          2
c - Fulminant Prism       Conj/Hex       17%        3d11      4%          4
d - Frozen Ramparts       Ice            70%        1d9       1%          3
e - Portal Projectile     Hex/Tloc       70%        N/A       1%          3
f - Anguish               Hex/Necr       17%        N/A       4%          4
g - Tukima's Dance        Hex            35%        N/A       1%          3
h - Call Canine Familiar  Summ           35%        N/A       1%          3

Your spell library contained the following spells:

 Spells                   Type           Power      Damage    Failure   Level
 Apportation              Tloc           70%        N/A       1%          1
 Freeze                   Ice            100%       1d11      1%          1
 Magic Dart               Conj           100%       1d8       1%          1
 Shock                    Conj/Air       100%       1d9       1%          1
 Searing Ray              Conj           70%        2d7       1%          2
 Ozocubu's Armour         Ice            35%        N/A       1%          3
 Swiftness                Air            35%        N/A       1%          3
 Airstrike                Air            17%        N/A       4%          4
 Animate Armour           Summ/Erth      70%        N/A       4%          4
 Hailstorm                Conj/Ice       35%        3d9       4%          4
 Leda's Liquefaction      Hex/Erth       17%        N/A       4%          4
 Alistair's Intoxication  Tmut/Pois      23%        N/A       13%         5
 Blade Hands              Tmut           17%        N/A       13%         5
 Iron Shot                Conj/Erth      17%        9d4       58%         6
 Summon Cactus Giant      Summ           17%        N/A       58%         6
 Enfeeble                 Hex            17%        N/A       99%         7
 Ozocubu's Refrigeration  Ice            17%        4d8       99%         7


Dungeon Overview and Level Annotations

Branches:
Dungeon (11/15)            Temple (0/1) D:4            Lair (6/6) D:9
  Swamp (0/4) Lair:3       Spider (0/4) Lair:2        Slime (0/5) Lair:5
    Orc (2/2) D:9             Elf (0/3) Orc:2

Altars:
Dithmenos
Elyvilon
Fedhas
Gozag
Hepliaklqana
Okawaru
Qazlal
Ru
Vehumet
Wu Jian
Xom
Lugonu

Shops:
D:8 *   D:10 :

Portals:
Abyss: Lair:6
Trove: D:11 (give 6 scrolls of fog)

Annotations:
D:9 4 transporters, Pooter's ghost, novice TrMo
D:11 1 runed translucent door
Lair:5 3 runed translucent doors, enile's ghost, journeyman OgIE
Lair:6 1 runed translucent door, dolemite99's ghost, journeyman DDHu
Orc:1 Josephine
Orc:2 Saint Roka


Innate Abilities, Weirdness & Mutations

You have very sharp teeth.
Your uncanny sense of smell can sniff out nearby items.
Your experience applies equally to all skills.


Message History

Saint Roka invokes the aid of Beogh against you.
Beogh smites you!
There is a stone staircase leading up here.
Saint Roka mumbles some strange prayers to Beogh against you.
Beogh smites you!
You climb upwards.
Level annotation: Josephine You block the wraith's attack.
You block the ogre's attack. The wraith hits you.
The wraith drains your vigour!
You feel yourself slow down. The wraith completely misses you.
The wraith hits you. The wraith drains your vigour!
You feel as though you will be slow longer.
The wraith hits you. The wraith drains your vigour!
You feel as though you will be slow longer.
There is a stone staircase leading down here.
There are monsters nearby!
There are monsters nearby!
You can't go up here!
You can't go up here!
The ogre barely misses you. The wraith hits you!
* * * LOW HITPOINT WARNING * * *
The wraith closely misses you. The wraith hits you.
* * * LOW HITPOINT WARNING * * *
You block the wraith's attack. You block the ogre's attack.
You climb downwards.
Level annotation: Saint Roka You block the orc's attack.
Saint Roka calls down the wrath of Beogh upon you.
Beogh smites you!
* * * LOW HITPOINT WARNING * * *
The orc hits you but does no damage.
There is a stone staircase leading up here.
As you read the scroll of teleportation, it crumbles to dust.
You feel strangely unstable. The wraith hits you but does no damage.
You block the wraith's attack. x2; You block the orc's attack.
The wraith hits you but does no damage. x2; The wraith misses you.
You block the wraith's attack. The ogre hits you with a +0 giant club!
* * * LOW HITPOINT WARNING * * *
The wraith hits you.
You die...

#####.#.## ##.#.......#.###...
##..#.....### #..........####...
#.........#.####..........###....
..........#..#.##..........#.....
.................................
..............).............[....
..............o..................
......###......W.W..##......[....
....###.##......@W#####.........#
...............WoO#####.........#
........#.........#..#...........
.....#.#.............#.....##....
............##............###)...
.............#...........#.##....
##............#.........######...
##........#.####.......# ####
#.......#### ##......# #


You could see Saint Roka, 4 wraiths, an ogre and an orc (strong).

Vanquished Creatures
  A boulder beetle (D:11)
  5 hydras
  A centaur warrior (D:8)
  Erica (D:10)
  A catoblepas (Lair:5)
  3 two-headed ogres
  2 orc high priests
  3 thrashing horrors (Lair:6)
  2 orc knights (Orc:2)
  4 orc sorcerers
  An ugly thing (Lair:6)
  3 large abominations (Lair:6)
  A cyclops (D:11)
  6 elephants (Lair:5)
  A smoke demon (Lair:6)
  Maggie (D:10)
  4 black mambas
  9 cane toads
  A gargoyle (D:11)
  5 komodo dragons
  A yaktaur (shapeshifter) (Lair:6)
  4 rime drakes
  3 trolls
  4 ancient zymes (Lair:6)
  2 polar bears
  3 slime creatures
  Prince Ribbit (D:8)
  Grinder (D:5)
  22 blink frogs
  2 spriggans (Lair:6)
  Sigmund (D:2)
  8 wyverns
  45 yaks
  2 ynoxinuls (Lair:6)
  6 basilisks
  3 redbacks (Lair:2)
  A chaos spawn (Lair:6)
  A hog (shapeshifter) (Lair:6)
  13 small abominations (Lair:6)
  2 steam dragons
  10 vampire mosquitoes
  Menkaure (D:6)
  3 acid dragons (D:8)
  3 wargs
  9 water moccasins
  A sky beast (D:7)
  13 orc warriors
  2 ice beasts
  3 black bears
  A necrophage (D:7)
  2 ogres
  8 wolves (Lair:2)
  4 centaurs
  4 phantoms
  A kobold brigand (D:8)
  13 bullfrogs
  2 gnoll sergeants (D:7)
  7 scorpions
  10 killer bees
  An electric eel (Lair:3)
  4 wights (D:10)
  2 howler monkeys
  3 jellies
  14 orc priests
  4 hounds
  Crazy Yiuf (D:5)
  2 iguanas (D:5)
  Jessica (D:3)
  9 hell rats
  24 orc wizards
  12 gnolls
  4 adders
  A shadow imp (D:7)
  A white imp (D:7)
  4 worms
  3 dart slugs
  52 orcs
  3 ball pythons
  7 bats
  2 endoplasms (D:3)
  3 giant cockroaches
  7 goblins
  10 hobgoblins
  15 kobolds
  2 quokkas
  4 frilled lizards
  A fulminant prism (Orc:1)
473 creatures vanquished.

Vanquished Creatures (collateral kills)
  2 yaks
2 creatures vanquished.

Vanquished Creatures (others)
  3 yaks
  2 hell rats (Lair:1)
  An orc (Orc:1)
  A kobold (D:9)
  2 bushes
  92 foxfires
  19 fulminant prisms
  67 fungi
  51 plants
238 creatures vanquished.

Grand Total: 713 creatures vanquished

Notes
Turn   | Place    | Note
-------+----------+-------------------------------------------
     0 | D:1      | dolemite99 the Gnoll Cinder Acolyte began the quest for the
                  | Orb.
     0 | D:1      | Reached XP level 1. HP: 23/23 MP: 4/4
   121 | D:1      | Reached XP level 2. HP: 23/29 MP: 5/5
   124 | D:1      | Learned a level 2 spell: Scorch
   685 | D:1      | Found a faded altar of an unknown god.
   832 | D:2      | Reached XP level 3. HP: 35/35 MP: 4/7
   886 | D:2      | Noticed Sigmund
   904 | D:2      | Killed Sigmund
   905 | D:2      | Reached skill level 1 in Short Blades
   905 | D:2      | Reached skill level 1 in Long Blades
   905 | D:2      | Reached skill level 1 in Maces & Flails
   905 | D:2      | Reached skill level 1 in Polearms
   905 | D:2      | Reached skill level 1 in Staves
   905 | D:2      | Reached skill level 1 in Slings
   905 | D:2      | Reached skill level 1 in Bows
   905 | D:2      | Reached skill level 1 in Crossbows
   905 | D:2      | Reached skill level 1 in Throwing
   905 | D:2      | Reached skill level 1 in Armour
   905 | D:2      | Reached skill level 1 in Dodging
   905 | D:2      | Reached skill level 1 in Stealth
   905 | D:2      | Reached skill level 1 in Shields
   905 | D:2      | Reached skill level 1 in Unarmed Combat
   905 | D:2      | Reached skill level 1 in Conjurations
   905 | D:2      | Reached skill level 1 in Hexes
   905 | D:2      | Reached skill level 1 in Summonings
   905 | D:2      | Reached skill level 1 in Necromancy
   905 | D:2      | Reached skill level 1 in Translocations
   905 | D:2      | Reached skill level 1 in Transmutations
   905 | D:2      | Reached skill level 1 in Ice Magic
   905 | D:2      | Reached skill level 1 in Air Magic
   905 | D:2      | Reached skill level 1 in Earth Magic
   905 | D:2      | Reached skill level 1 in Poison Magic
   905 | D:2      | Reached skill level 1 in Invocations
   905 | D:2      | Reached skill level 1 in Evocations
   905 | D:2      | Reached XP level 4. HP: 36/41 MP: 6/8
   905 | D:2      | Reached XP level 5. HP: 41/47 MP: 6/9
  1150 | D:2      | Learned a level 2 spell: Scorch
  2255 | D:3      | Noticed Jessica
  2258 | D:3      | Killed Jessica
  2259 | D:3      | Reached XP level 6. HP: 45/53 MP: 7/10
  2728 | D:3      | Found an opulent altar of Gozag.
  2731 | D:3      | Found an iron altar of Okawaru.
  2732 | D:3      | Found an ornate altar of the Wu Jian Council.
  2748 | D:3      | Found a blossoming altar of Fedhas.
  2751 | D:3      | Found a shadowy altar of Dithmenos.
  3268 | D:4      | Found a staircase to the Ecumenical Temple.
  4226 | D:4      | Reached XP level 7. HP: 59/59 MP: 8/12
  4493 | D:4      | Found a white marble altar of Elyvilon.
  4511 | D:5      | Entered Level 5 of the Dungeon
  4577 | D:5      | Learned a level 3 spell: Frozen Ramparts
  4918 | D:5      | Reached XP level 8. HP: 39/67 MP: 9/14
  5205 | D:5      | Found a runed translucent door.
  5206 | D:5      | Noticed Crazy Yiuf
  5218 | D:5      | Killed Crazy Yiuf
  5229 | D:5      | Identified the +7 mace of War {vamp, Contam rN+ SInv}
  5340 | D:5      | Noticed Grinder
  5351 | D:5      | Paralysed by Grinder for 5 turns
  5362 | D:5      | Paralysed by Grinder for 4 turns
  5374 | D:5      | Killed Grinder
  5927 | D:5      | Identified the +1 leather armour of Fortitude {-Cast
                  | Will++}
  6116 | D:6      | Noticed Menkaure
  6119 | D:6      | Killed Menkaure
  6120 | D:6      | Reached XP level 9. HP: 73/73 MP: 12/16
  6523 | D:6      | Reached skill level 5 in Spellcasting
  6666 | D:6      | Found a shimmering altar of Xom.
  6667 | D:6      | Found a hazy altar of Hepliaklqana.
  6668 | D:6      | Noticed a spectral ugly thing
  7820 | D:7      | Reached skill level 5 in Invocations
  8419 | D:7      | Learned a level 3 spell: Call Canine Familiar
  8423 | D:7      | Learned a level 3 spell: Tukima's Dance
  9226 | D:7      | Reached XP level 10. HP: 74/80 MP: 15/18
 10319 | D:8      | Reached skill level 5 in Short Blades
 10319 | D:8      | Reached skill level 5 in Long Blades
 10319 | D:8      | Reached skill level 5 in Maces & Flails
 10319 | D:8      | Reached skill level 5 in Polearms
 10319 | D:8      | Reached skill level 5 in Staves
 10319 | D:8      | Reached skill level 5 in Slings
 10319 | D:8      | Reached skill level 5 in Bows
 10319 | D:8      | Reached skill level 5 in Crossbows
 10319 | D:8      | Reached skill level 5 in Throwing
 10319 | D:8      | Reached skill level 5 in Armour
 10319 | D:8      | Reached skill level 5 in Dodging
 10319 | D:8      | Reached skill level 5 in Stealth
 10319 | D:8      | Reached skill level 5 in Shields
 10319 | D:8      | Reached skill level 5 in Unarmed Combat
 10319 | D:8      | Reached skill level 5 in Evocations
 10581 | D:8      | Noticed a centaur warrior
 10597 | D:8      | Killed a centaur warrior
 11038 | D:8      | Noticed Prince Ribbit
 11048 | D:8      | Killed Prince Ribbit
 11125 | D:8      | Found Fugheras's General Store.
 11128 | D:8      | Bought a scroll of brand weapon for 240 gold pieces
 11129 | D:8      | Bought a scroll of identify for 24 gold pieces
 11129 | D:8      | Bought 4 poisoned darts for 19 gold pieces
 12976 | D:9      | Found a radiant altar of Vehumet.
 13740 | D:9      | Found a transporter.
 13753 | D:9      | Found a staircase to the Orcish Mines.
 13761 | D:9      | Found a transporter.
 13762 | D:9      | Noticed a manticore
 13764 | D:9      | Noticed Pooter's ghost (novice TrMo)
 13815 | D:9      | Found a transporter.
 13815 | D:9      | Found a transporter.
 13925 | D:9      | Reached XP level 11. HP: 87/87 MP: 16/20
 13980 | D:9      | Found a staircase to the Lair.
 14283 | D:10     | Entered Level 10 of the Dungeon
 14328 | D:10     | Reached skill level 5 in Conjurations
 14328 | D:10     | Reached skill level 5 in Hexes
 14328 | D:10     | Reached skill level 5 in Summonings
 14328 | D:10     | Reached skill level 5 in Necromancy
 14328 | D:10     | Reached skill level 5 in Translocations
 14328 | D:10     | Reached skill level 5 in Transmutations
 14328 | D:10     | Reached skill level 5 in Ice Magic
 14328 | D:10     | Reached skill level 5 in Air Magic
 14328 | D:10     | Reached skill level 5 in Earth Magic
 14328 | D:10     | Reached skill level 5 in Poison Magic
 14484 | D:10     | Noticed Maggie
 14488 | D:10     | Killed Maggie
 15022 | D:10     | Found Hotirph's Book Shoppe.
 15033 | D:10     | Learned a level 3 spell: Portal Projectile
 15038 | D:10     | Learned a level 4 spell: Anguish
 15053 | D:10     | Learned a level 4 spell: Flame Wave
 15232 | D:10     | Noticed a two-headed ogre
 15244 | D:10     | Killed a two-headed ogre
 15626 | D:10     | Found a stormy altar of Qazlal.
 16418 | D:10     | Noticed Erica
 16423 | D:10     | Killed Erica
 16530 | D:10     | Found a sacrificial altar of Ru.
 17030 | D:11     | Found a portal to a secret trove of treasure.
 17126 | D:11     | Noticed a two-headed ogre
 17135 | D:11     | Killed a two-headed ogre
 17622 | D:11     | Noticed a cyclops
 17633 | D:11     | Killed a cyclops
 17693 | D:11     | Noticed a sixfirhy
 17810 | D:11     | Found a runed translucent door.
 17870 | D:11     | Reached XP level 12. HP: 86/96 MP: 20/23
 17878 | D:11     | Noticed a boulder beetle
 17900 | D:11     | Killed a boulder beetle
 18178 | Lair:1   | Entered Level 1 of the Lair of Beasts
 18761 | Lair:1   | Noticed an eight-headed hydra
 19169 | D:9      | Killed an eight-headed hydra
 20910 | Lair:2   | Reached skill level 10 in Fighting
 20910 | Lair:2   | Reached skill level 10 in Axes
 21938 | Lair:2   | Found a hole to the Spider Nest.
 23056 | Lair:3   | Noticed a five-headed hydra
 23068 | Lair:3   | Killed a five-headed hydra
 23069 | Lair:3   | Reached XP level 13. HP: 24/103 MP: 6/25
 23773 | Lair:3   | Found a staircase to the Swamp.
 24066 | Lair:3   | Found a blossoming altar of Fedhas.
 25592 | Lair:4   | Identified the +1 leather armour "Nossac" {Harm Int+3}
 26619 | Lair:5   | Found a runed translucent gate.
 26619 | Lair:5   | Found a runed translucent gate.
 27759 | Lair:5   | Found a staircase to the Slime Pits.
 28040 | D:5      | Learned a level 4 spell: Fulminant Prism
 28251 | Lair:6   | Entered Level 6 of the Lair of Beasts
 28671 | Lair:5   | Found a runed translucent gate.
 28671 | Lair:5   | Noticed enile's ghost (journeyman OgIE)
 30562 | Lair:6   | Noticed dolemite99's ghost (journeyman DDHu)
 30564 | Lair:6   | Found a runed translucent door.
 30590 | Lair:6   | Reached XP level 14. HP: 102/113 MP: 27/27
 32306 | Lair:6   | Found a one-way gate to the infinite horrors of the Abyss.
 32306 | Lair:6   | Found a corrupted altar of Lugonu.
 34006 | Lair:6   | Identified the +0 pair of gloves of Rationality {Dex+4}
 34047 | Lair:6   | Reached skill level 10 in Invocations
 35723 | Orc:1    | Entered Level 1 of the Orcish Mines
 36816 | Orc:1    | Noticed an orc warlord
 38776 | Orc:2    | Entered Level 2 of the Orcish Mines
 38945 | Orc:2    | Found a staircase to the Elven Halls.
 39165 | Orc:2    | Found a gate leading to a gauntlet.
 39490 | Orc:2    | Noticed Saint Roka
 40290 | Orc:1    | Noticed Josephine
 40351 | Orc:2    | HP: 2/113 [ogre/+0 giant club (15)]
 40351 | Orc:2    | Slain by a wraith

Illustrated notes

Levels and vault maps discovered:
D:1:      mainiacjoe_arrival_reflecting_pool, layout_basic,
          shapermc_ecumenical_altar_mp_urbaneastern
D:2:      layout_loops_corners, uniq_sigmund
D:3:      layout_basic, minmay_overflow_temple_star_hex,
          mrwooster_statue_mirror, uniq_jessica
D:4:      layout_loops_ring, mainiacjoe_overflow_alcove_4,
          minmay_temple_entry_grid
D:5:      cheibrodos_barr_body, layout_cave_pools, uniq_grinder,
          uniq_crazy_yiuf_cottage
D:6:      layout_rooms, regret_index_temple_of_mockery, uniq_menkaure
D:7:      layout_gridville, grunt_ministairs_1
D:8:      layout_loops_ring, serial_shops, nicolae_shop_behind_doors,
          uniq_prince_ribbit1
D:9:      gammafunk_steamed_eel, layout_grid_maze, vehumet_crystals,
          grunt_lair_entry_orc_guard_hut, gammafunk_ghost_arena, minmay_holes,
          eino_tiny_chamber, corexii_checkpoint_a
D:10:     layout_long_grid, mainiacjoe_overflow_swirl, serial_shops,
          nicolae_square_shop, uniq_erica, uniq_maggie
D:11:     cheibrodos_shockbox, layout_basic, enter_trove_1
Lair:1:   layout_concentric_octagons, infiniplex_staircase_pool
Lair:2:   layout_concentric_octagons, spider_nest_entry_webs, grunt_megastairs_2
Lair:3:   hellmonk_ruined_rings, layout_chaotic_city, swamp_mist_pool,
          basic_altar
Lair:4:   layout_regular_city
Lair:5:   layout_long_grid, minmay_slime_entry_pillars,
          gammafunk_ghost_necromancy, lemuel_fruit_fields, lemuel_fruit_tree
Lair:6:   hellmonk_lair_end_abyssal_woods, layout_gridlike,
          hellmonk_ghost_happy_afterlife, bh_autumn_forest_stairs
Orc:1:    layout_diamond_mine, uniq_josephine
Orc:2:    grunt_orc_cross, layout_diamond_mine, gauntlet_entry_generic,
          bh_open_orc_temple

Skill      XL: |  1  2  3  4  5  6  7  8  9 10 11 12 13 14 |
---------------+-------------------------------------------+-----
Short Blades   | 1 2 3 4 5 6 7 8 9 |  9.4
Long Blades    | 1 2 3 4 5 6 7 8 9 |  9.4
Maces & Flails | 1 2 3 4 5 6 7 8 9 |  9.4
Polearms       | 1 2 3 4 5 6 7 8 9 |  9.4
Staves         | 1 2 3 4 5 6 7 8 9 |  9.4
Slings         | 1 2 3 4 5 6 7 8 9 |  9.4
Bows           | 1 2 3 4 5 6 7 8 9 |  9.4
Crossbows      | 1 2 3 4 5 6 7 8 9 |  9.4
Throwing       | 1 2 3 4 5 6 7 8 9 |  9.4
Armour         | 1 2 3 4 5 6 7 8 9 |  9.4
Dodging        | 1 2 3 4 5 6 7 8 9 |  9.4
Stealth        | 1 2 3 4 5 6 7 8 9 |  9.4
Shields        | 1 2 3 4 5 6 7 8 9 |  9.4
Unarmed Combat | 1 2 3 4 5 6 7 8 9 |  9.4
Spellcasting   | 3 4 5 6 7 8 9 |  9.8
Conjurations   | 1 2 3 4 5 6 7 |  7.8
Hexes          | 1 2 3 4 5 6 7 |  7.8
Summonings     | 1 2 3 4 5 6 7 |  7.8
Necromancy     | 1 2 3 4 5 6 7 |  7.8
Translocations | 1 2 3 4 5 6 7 |  7.8
Transmutations | 1 2 3 4 5 6 7 |  7.8
Ice Magic      | 1 2 3 4 5 6 7 |  7.8
Air Magic      | 1 2 3 4 5 6 7 |  7.8
Earth Magic    | 1 2 3 4 5 6 7 |  7.8
Poison Magic   | 1 2 3 4 5 6 7 |  7.8
Invocations    | 1 2 3 4 5 6 7 8 9 10 | 10.2
Evocations     | 1 2 3 4 5 6 7 8 9 |  9.4
Fighting       | 7 8 9 10 11 | 11.4
Axes           | 7 8 9 10 11 | 11.4
Fire Magic     | 6 7 8 9 |  9.6

Action                   |  1- 3 |  4- 6 |  7- 9 | 10-12 | 13-15 || total
-------------------------+-------+-------+-------+-------+-------++-------
Melee: Hand axe          |    17 |     8 |       |       |       ||    25
       Bite              |     4 |    11 |       |     8 |     4 ||    27
       Dagger            |       |    13 |       |       |       ||    13
       Short sword       |       |    40 |     6 |       |       ||    46
       Punch             |       |     1 |       |       |       ||     1
       Hand crossbow     |       |       |     1 |     4 |     4 ||     9
       Trident           |       |       |       |    87 |    10 ||    97
       War axe           |       |       |       |       |     1 ||     1
 Fire: Hand crossbow     |       |     2 |   128 |   357 |   511 ||   998
Throw: Boomerang         |    14 |    17 |       |    30 |       ||    61
       Javelin           |       |       |       |       |     1 ||     1
 Cast: Scorch            |     8 |    38 |   115 |    93 |    71 ||   325
       Frozen Ramparts   |       |       |     1 |    60 |    54 ||   115
       Flame Wave        |       |       |       |     9 |    73 ||    82
       Anguish           |       |       |       |     2 |     3 ||     5
       Call Canine Famil |       |       |       |     1 |     2 ||     3
       Fulminant Prism   |       |       |       |       |    21 ||    21
       Tukima's Dance    |       |       |       |       |     3 ||     3
Invok: Foxfire Swarm     |     1 |     1 |     6 |       |       ||     8
       Fiery Armour      |     1 |       |     1 |       |       ||     2
       Rising Flame      |       |       |     1 |       |       ||     1
Evoke: Wand              |       |       |       |    39 |    22 ||    61
  Use: Scroll            |       |     2 |    11 |    14 |    15 ||    42
       Potion            |       |       |     3 |     5 |     8 ||    16
 Stab: Paralysed         |       |       |       |    13 |       ||    13
Armor: Robe              |     3 |     1 |       |       |       ||     4
       Ring mail         |       |    35 |   148 |    48 |       ||   231
       Leather armour    |       |     2 |       |   133 |   232 ||   367
       Swamp dragon scal |       |       |       |     3 |       ||     3
Dodge: Dodged            |    10 |    69 |   192 |   268 |   340 ||   879
Block: Buckler           |       |       |       |   288 |   440 ||   728
       Reflection        |       |       |       |     7 |     6 ||    13

Table legend: (Time is in decaauts)
 A = Elapsed time spent in this place.
 B = Non-inter-level travel time spent in this place.
 C = Inter-level travel time spent in this place.
 D = Time resting spent in this place.
 E = Time spent auto-exploring this place.
 F = Levels seen in this place.
 G = Mean time per level.
                   A        B        C        D        E       F      G
               +--------+--------+--------+--------+--------+-----+--------+
         Total |  40552 |  38398 |   2154 |  19851 |  12870 |  19 | 2134.3 |
       Dungeon |  22273 |  20646 |   1627 |   9964 |   7648 |  11 | 2024.8 |
          Lair |  15990 |  15487 |    503 |   8661 |   4700 |   6 | 2665.0 |
  Orcish Mines |   2288 |   2265 |     23 |   1225 |    522 |   2 | 1144.0 |
               +--------+--------+--------+--------+--------+-----+--------+

Top non-repeatable levels by time:
  Lair:6: 6350 daAuts
     D:9: 4640 daAuts
     D:7: 3355 daAuts
    D:10: 2911 daAuts
  Lair:5: 2248 daAuts
     D:8: 2231 daAuts
  Lair:2: 2214 daAuts
  Lair:4: 1976 daAuts
  Lair:3: 1758 daAuts
     D:5: 1640 daAuts
     D:6: 1569 daAuts
   Orc:2: 1564 daAuts
     D:4: 1547 daAuts
  Lair:1: 1443 daAuts
    D:11: 1371 daAuts
